MapleLeafs vs Avalanche

Created - March 4, 2015 at 19:20

Goals
1 2 3 T
MapleLeafs 0 1 1 2
Avalanche 3 3 1 7
Shots
1 2 3 T
MapleLeafs 6 17 14 37
Avalanche 13 15 11 39

1st period

1. Avalanche , John Persson 1 (Sami Vatanen, Kevin Shattenkirk) at 5:55
2. Avalanche , Keith Yandle 11 (Cody Hodgson, Derek Stepan) at 7:27
3. Avalanche , Cody Hodgson 18 (Sami Vatanen, Marcel Goc) at 12:45

Penalties :
Alexei Emelin (TOR) for Hooking (Minor) at 8:35, Quinton Howden (COL) for Hooking (Minor) at 10:41, Jay Bouwmeester (TOR) for Interference (Minor) at 10:41, Alexei Emelin (TOR) for Interference (Minor) at 14:01, Nick Holden (TOR) for Interference (Minor) at 17:29

2nd period

4. Avalanche , Tyson Barrie 14 (Riley Sheahan) at 1:40 (PP)
5. Avalanche , Kevin Shattenkirk 13 (Sami Vatanen, Matt Calvert) at 4:58
6. Avalanche , Sami Vatanen 9 (Kevin Shattenkirk, Derek Stepan) at 7:05 (PP)
7. MapleLeafs , Vladimir Tarasenko 24 (Nick Holden, Brock Nelson) at 9:07 (PP)

Penalties :
Nick Holden (TOR) for Tripping (Minor) at 1:34, Matt Calvert (COL) for Hooking (Minor) at 1:57, Nick Holden (TOR) for Tripping (Minor) at 5:20, Boone Jenner (COL) for Roughing (Minor) at 7:41, Vladimir Tarasenko (TOR) for Hooking (Minor) at 13:27

3rd period

8. Avalanche , Matt Calvert 2 (Boone Jenner, Colby Robak) at 2:25
9. MapleLeafs , Evander Kane 18 (Milan Lucic, Jay Bouwmeester) at 13:48

Penalties :
No Penalty

Goalie Stats

Petr Mrazek (TOR), 21 saves from 24 shots - (0.875), 38:20 minutes
Ryan Miller (TOR), 11 saves from 15 shots - (0.733), L, 22-21-1, 21:40 minutes
Niklas Backstrom (COL), 35 saves from 37 shots - (0.946), W, 2-0-0, 60:00 minutes

Players Stats for MapleLeafs

Player Name              G  A  P  +/- PIM S  H  SB GA TA FO     MP     PP MP  PK MP  
------------------------------------------------------------------------------------
Alexei Emelin            0  0  0  -1  4   2  1  4  0  0  0/0    20:34   1:25   2:35 
Antoine Roussel          0  0  0  -1  0   0  1  2  0  0  3/14   12:34   0:00   1:19 
Antoine Vermette         0  0  0  -1  0   3  0  0  0  0  17/26  27:02   1:58   5:35 
Brock Nelson             0  1  1  -2  0   2  0  0  0  0  9/20   17:04   1:27   0:00 
Daniel Briere            0  0  0  -1  0   2  0  0  0  0  0/4    12:09   0:00   1:28 
Devante Smith-Pelly      0  0  0  -1  0   0  0  0  0  0  1/2    11:15   0:00   0:00 
Eric Gelinas             0  0  0  -1  0   1  5  0  0  0  0/0    11:54   0:00   0:02 
Evander Kane             1  0  1   1  0   2  3  1  0  0  1/3    20:23   1:58   2:58 
Jamie Oleksiak           0  0  0  -3  0   0  0  0  0  0  0/0     3:29   0:00   0:41 
Jay Beagle               0  0  0  -2  0   0  0  0  0  0  1/4     3:31   0:00   0:00 
Jay Bouwmeester          0  1  1  -2  2   3  0  2  0  0  0/0    25:23   2:00   5:04 
Linden Vey               0  0  0  -2  0   0  0  0  0  0  0/0     3:31   0:00   0:00 
Michael Del Zotto        0  0  0  -1  0   1  1  2  0  0  0/0    14:34   0:00   3:43 
Michael Grabner          0  0  0  -2  0   4  0  0  0  0  1/1    17:04   1:27   0:00 
Milan Lucic              0  1  1   1  0   6  2  0  0  0  5/12   23:41   1:58   5:45 
Nick Holden              0  1  1   1  6   3  4  0  0  0  0/0    21:18   2:00   2:48 
Nikita Nikitin           0  0  0  -1  0   3  0  4  0  0  0/0    22:42   1:25   4:41 
Vladimir Tarasenko       1  0  1  -2  2   5  1  0  0  0  1/2    19:59   1:27   2:29 

Players Stats for Avalanche

Player Name              G  A  P  +/- PIM S  H  SB GA TA FO     MP     PP MP  PK MP  
------------------------------------------------------------------------------------
Boone Jenner             0  1  1   2  2   1  3  0  0  0  11/14  12:01   0:00   0:23 
Cody Hodgson             1  1  2   1  0   1  0  1  0  0  0/1    19:17   4:56   0:00 
Colby Robak              0  1  1   1  0   2  0  0  0  0  0/0    15:37   0:00   2:01 
Derek Stepan             0  2  2   1  0   2  1  0  0  0  16/29  22:32   4:51   2:20 
Jerry DAmigo             0  0  0   1  0   0  0  0  0  0  0/0     5:53   0:00   0:00 
John Persson             1  0  1   1  0   1  2  1  0  0  0/0     5:53   0:00   0:00 
Keith Yandle             1  0  1   0  0   2  1  2  0  0  0/0    21:21   4:15   0:00 
Kevin Shattenkirk        1  2  3   3  0   5  3  2  0  0  0/0    24:31   5:32   2:01 
Marcel Goc               0  1  1   1  0   2  1  0  0  0  11/20   9:10   0:00   2:18 
Marcus Johansson         0  0  0   1  0   1  0  0  0  0  1/2    19:35   4:51   0:23 
Matt Calvert             1  1  2   2  2   4  1  0  0  0  0/1    13:19   0:00   0:42 
Quinton Howden           0  0  0   2  2   3  0  0  0  0  0/0    12:22   0:00   0:44 
Riley Sheahan            0  1  1   0  0   2  0  0  0  0  10/21  17:52   4:56   0:00 
Ryane Clowe              0  0  0   0  0   2  7  0  0  0  0/0    17:52   4:56   0:00 
Sami Vatanen             1  3  4   3  0   1  4  2  0  0  0/0    23:02   5:32   1:24 
Tyson Barrie             1  0  1   0  0   4  3  2  0  0  0/0    23:00   4:15   1:24 
Victor Bartley           0  0  0   1  0   4  4  0  0  0  0/0    12:29   0:00   0:00 
Vincent Lecavalier       0  0  0   0  0   2  1  0  0  0  0/0    18:47   4:51   0:00 

3 Stars

1 - Sami Vatanen (COL)
2 - Kevin Shattenkirk (COL)
3 - Cody Hodgson (COL)

Power Play

MapleLeafs - 1 on 2 Attempt(s) - 50.00%
Avalanche - 2 on 6 Attempt(s) - 33.33%

Penalty Kill

MapleLeafs - 4 on 6 Attempt(s) - 66.67% - Score 0 goal in Penalty Kill
Avalanche - 1 on 2 Attempt(s) - 50.00% - Score 0 goal in Penalty Kill

Team Stat

MapleLeafs - Hits : 18 - Faceoff Wins : 39 - Blocked Shots : 15 - Penalty Minutes : 14
Avalanche - Hits : 31 - Faceoff Wins : 49 - Blocked Shots : 10 - Penalty Minutes : 6

Official

Referees : Tim Peel and Trevor Hanson
Linesman : Brad Kovachik and Lonnie Cameron

Game Notes

Petr Mrazek enters game at 1:40 of 2nd period

Finance

Level 1 -- Attendance: 6312 (97.11%) -- Ticket Income $643,824
Level 2 -- Attendance: 4742 (94.84%) -- Ticket Income $355,650
Level 3 -- Attendance: 3016 (86.17%) -- Ticket Income $165,880
Level 4 -- Attendance: 2007 (100.00%) -- Ticket Income $90,315
Luxury Box -- Attendance: 938 (93.80%) -- Ticket Income $187,600
Game was played at the Pepsi Center'
Total Attendance: 17015 (94.49%)
Total Ticket Income: $1,443,269
Other Income: $216,490
Total Income: $1,659,759

% Time on Ice - MapleLeafs

Lines # - Real PCT - Wanted PCT - Time Play
Normal Forward
1 - 33% - 35% - 15:00
2 - 35% - 30% - 15:37
3 - 24% - 22% - 10:41
4 - 8% - 13% - 3:31
Normal Defense
1 - 35% - 35% - 15:32
2 - 35% - 30% - 15:38
3 - 24% - 22% - 10:51
4 - 6% - 13% - 2:48
PP Forward
1 - 58% - 60% - 1:58
2 - 42% - 40% - 1:27
PP Defense
1 - 59% - 60% - 2:00
2 - 41% - 40% - 1:25
PK Forward
1 - 69% - 60% - 6:43
2 - 31% - 40% - 3:04
PK Defense
1 - 52% - 60% - 5:04
2 - 48% - 40% - 4:43
PK3 Forward
1 - 0% - 60%
2 - 0% - 40%
PK3 Defense
1 - 0% - 60%
2 - 0% - 40%
44 Forward
1 - 77% - 60% - 1:32
2 - 23% - 40% - 0:27
44 Defense
1 - 51% - 60% - 1:01
2 - 49% - 40% - 0:58
Last Minute Offensive  - 0:00
Last Minute Defensive  - 0:00
Total
Forward - 60:00
Defense - 60:00

% Time on Ice - Avalanche

Lines # - Real PCT - Wanted PCT - Time Play
Normal Forward
1 - 32% - 40% - 14:21
2 - 29% - 35% - 12:56
3 - 26% - 20% - 11:39
4 - 13% - 5% - 5:53
Normal Defense
1 - 36% - 40% - 16:06
2 - 31% - 30% - 13:49
3 - 28% - 20% - 12:29
4 - 5% - 10% - 2:25
PP Forward
1 - 50% - 50% - 4:51
2 - 50% - 50% - 4:56
PP Defense
1 - 57% - 50% - 5:32
2 - 43% - 50% - 4:15
PK Forward
1 - 79% - 60% - 2:41
2 - 21% - 40% - 0:44
PK Defense
1 - 59% - 60% - 2:01
2 - 41% - 40% - 1:24
PK3 Forward
1 - 0% - 60%
2 - 0% - 40%
PK3 Defense
1 - 0% - 60%
2 - 0% - 40%
44 Forward
1 - 50% - 60% - 1:00
2 - 50% - 40% - 0:59
44 Defense
1 - 44% - 60% - 0:52
2 - 56% - 40% - 1:07
Last Minute Offensive  - 0:00
Last Minute Defensive  - 0:00
Total
Forward - 60:00
Defense - 60:00

Play by Play

1st period


0:01 of 1st period - Derek Stepan wins face-off versus Antoine Vermette in neutral zone.
0:30 of 1st period - Shot by Milan Lucic.
0:30 of 1st period - Shot Misses the Net.
0:32 of 1st period - Shot by Nick Holden.
0:32 of 1st period - Shot Blocked by Sami Vatanen.
0:34 of 1st period - Shot by Milan Lucic.
0:34 of 1st period - Shot Blocked by Cody Hodgson.
0:36 of 1st period - Shot by Jay Bouwmeester.
0:36 of 1st period - Stopped by Niklas Backstrom without a rebound.
0:37 of 1st period - Brock Nelson wins face-off versus Riley Sheahan in Avalanche zone.
0:56 of 1st period - Nikita Nikitin is hit by Tyson Barrie.
1:00 of 1st period - Shot by Vladimir Tarasenko.
1:00 of 1st period - Shot Blocked by Tyson Barrie.
1:02 of 1st period - Shot by Michael Grabner.
1:02 of 1st period - Stopped by Niklas Backstrom without a rebound.
1:03 of 1st period - Boone Jenner wins face-off versus Antoine Roussel in Avalanche zone.
1:09 of 1st period - Matt Calvert is hit by Eric Gelinas and loses puck.
1:16 of 1st period - Shot by Matt Calvert.
1:16 of 1st period - Shot Misses the Net.
1:32 of 1st period - Shot by Boone Jenner.
1:32 of 1st period - Shot Blocked by Michael Del Zotto.
1:42 of 1st period - Icing by Eric Gelinas.
1:43 of 1st period - Riley Sheahan wins face-off versus Antoine Roussel in MapleLeafs zone.
1:43 of 1st period - Riley Sheahan is hit by Eric Gelinas.
1:54 of 1st period - Ryane Clowe is hit by Eric Gelinas and loses puck.
3:13 of 1st period - Icing by Vladimir Tarasenko.
3:14 of 1st period - Brock Nelson wins face-off versus Marcel Goc in MapleLeafs zone.
3:14 of 1st period - Brock Nelson is hit by John Persson.
3:29 of 1st period - Michael Grabner is hit by Victor Bartley and loses puck.
3:37 of 1st period - Off-side.
3:38 of 1st period - Antoine Vermette wins face-off versus Matt Calvert in neutral zone.
3:51 of 1st period - Shot by Evander Kane.
3:51 of 1st period - Shot Blocked by Keith Yandle.
4:23 of 1st period - Shot by Jay Bouwmeester.
4:23 of 1st period - Shot Misses the Net.
5:10 of 1st period - Shot by Marcus Johansson.
5:10 of 1st period - Shot Misses the Net.
5:12 of 1st period - Shot by Kevin Shattenkirk.
5:12 of 1st period - Stopped by Ryan Miller without a rebound.
5:13 of 1st period - Riley Sheahan wins face-off versus Antoine Roussel in MapleLeafs zone.
5:36 of 1st period - Shot by Riley Sheahan.
5:36 of 1st period - Stopped by Ryan Miller without a rebound.
5:37 of 1st period - Jay Beagle wins face-off versus Marcel Goc in MapleLeafs zone.
5:43 of 1st period - Jamie Oleksiak is hit by Kevin Shattenkirk and loses puck.
5:53 of 1st period - Shot by Sami Vatanen.
5:53 of 1st period - Shot Misses the Net.
5:55 of 1st period - Shot by John Persson.
5:55 of 1st period - Goal by John Persson - MapleLeafs : 0 - Avalanche : 1.
5:56 of 1st period - Antoine Vermette wins face-off versus Derek Stepan in neutral zone.
6:19 of 1st period - Shot by Evander Kane.
6:19 of 1st period - Shot Misses the Net.
6:21 of 1st period - Shot by Antoine Vermette.
6:21 of 1st period - Shot Misses the Net.
6:23 of 1st period - Shot by Nick Holden.
6:23 of 1st period - Stopped by Niklas Backstrom without a rebound.
6:24 of 1st period - Riley Sheahan wins face-off versus Brock Nelson in Avalanche zone.
6:34 of 1st period - Nikita Nikitin is hit by Sami Vatanen and loses puck.
6:38 of 1st period - Brock Nelson is hit by Kevin Shattenkirk and loses puck.
6:53 of 1st period - Shot by Alexei Emelin.
6:53 of 1st period - Stopped by Niklas Backstrom without a rebound.
6:54 of 1st period - Derek Stepan wins face-off versus Jay Beagle in Avalanche zone.
7:21 of 1st period - Shot by Cody Hodgson.
7:21 of 1st period - Shot Misses the Net.
7:23 of 1st period - Shot by Cody Hodgson.
7:23 of 1st period - Shot Hit the Post.
7:25 of 1st period - Shot by Cody Hodgson.
7:25 of 1st period - Shot Misses the Net.
7:27 of 1st period - Shot by Keith Yandle.
7:27 of 1st period - Goal by Keith Yandle - MapleLeafs : 0 - Avalanche : 2.
7:28 of 1st period - Brock Nelson wins face-off versus Riley Sheahan in neutral zone.
7:37 of 1st period - Shot by Vladimir Tarasenko.
7:37 of 1st period - Stopped by Niklas Backstrom without a rebound.
7:38 of 1st period - Antoine Roussel wins face-off versus Boone Jenner in Avalanche zone.
7:38 of 1st period - Jay Bouwmeester is hit by Victor Bartley and loses puck.
8:03 of 1st period - Shot by Quinton Howden.
8:03 of 1st period - Stopped by Ryan Miller without a rebound.
8:04 of 1st period - Riley Sheahan wins face-off versus Antoine Vermette in MapleLeafs zone.
8:14 of 1st period - Off-side.
8:15 of 1st period - Derek Stepan wins face-off versus Antoine Vermette in neutral zone.
8:35 of 1st period - Minor Penalty to Alexei Emelin for Hooking.
8:36 of 1st period - Milan Lucic wins face-off versus Riley Sheahan in MapleLeafs zone.
8:36 of 1st period - Milan Lucic is hit by Ryane Clowe.
10:11 of 1st period - Keith Yandle is hit by Evander Kane and loses puck.
10:41 of 1st period - Minor Penalty to Quinton Howden for Hooking.
10:41 of 1st period - Minor Penalty to Jay Bouwmeester for Interference.
10:42 of 1st period - Derek Stepan wins face-off versus Milan Lucic in MapleLeafs zone.
11:17 of 1st period - Icing by Alexei Emelin.
11:18 of 1st period - Marcel Goc wins face-off versus Milan Lucic in MapleLeafs zone.
11:39 of 1st period - Shot by Marcel Goc.
11:39 of 1st period - Stopped by Ryan Miller without a rebound.
11:40 of 1st period - Evander Kane wins face-off versus Derek Stepan in MapleLeafs zone.
11:40 of 1st period - Evander Kane is hit by Vincent Lecavalier.
11:58 of 1st period - Derek Stepan is hit by Eric Gelinas and loses puck.
12:06 of 1st period - Off-side.
12:07 of 1st period - Marcel Goc wins face-off versus Devante Smith-Pelly in neutral zone.
12:43 of 1st period - Shot by Sami Vatanen.
12:43 of 1st period - Shot Misses the Net.
12:45 of 1st period - Shot by Cody Hodgson.
12:45 of 1st period - Goal by Cody Hodgson - MapleLeafs : 0 - Avalanche : 3.
12:46 of 1st period - Boone Jenner wins face-off versus Brock Nelson in neutral zone.
13:59 of 1st period - Antoine Vermette is hit by John Persson and loses puck.
14:01 of 1st period - Minor Penalty to Alexei Emelin for Interference.
14:02 of 1st period - Milan Lucic wins face-off versus Riley Sheahan in MapleLeafs zone.
14:02 of 1st period - Milan Lucic is hit by Ryane Clowe.
14:18 of 1st period - Shot by Cody Hodgson.
14:18 of 1st period - Shot Misses the Net.
14:46 of 1st period - Shot by Ryane Clowe.
14:46 of 1st period - Stopped by Ryan Miller with a rebound.
15:15 of 1st period - Shot by Derek Stepan.
15:15 of 1st period - Stopped by Ryan Miller without a rebound.
15:16 of 1st period - Derek Stepan wins face-off versus Milan Lucic in MapleLeafs zone.
15:17 of 1st period - Shot by Kevin Shattenkirk.
15:17 of 1st period - Shot Misses the Net.
15:19 of 1st period - Shot by Kevin Shattenkirk.
15:19 of 1st period - Stopped by Ryan Miller without a rebound.
15:20 of 1st period - Derek Stepan wins face-off versus Milan Lucic in MapleLeafs zone.
16:03 of 1st period - Icing by Jay Bouwmeester.
16:04 of 1st period - Boone Jenner wins face-off versus Antoine Roussel in MapleLeafs zone.
16:17 of 1st period - Jay Bouwmeester is hit by Boone Jenner and loses puck.
16:24 of 1st period - Shot by Matt Calvert.
16:24 of 1st period - Stopped by Ryan Miller without a rebound.
16:25 of 1st period - Marcel Goc wins face-off versus Brock Nelson in MapleLeafs zone.
16:25 of 1st period - Colby Robak is hit by Eric Gelinas and loses puck.
16:46 of 1st period - Shot by Vladimir Tarasenko.
16:46 of 1st period - Shot Misses the Net.
16:54 of 1st period - Shot by Vladimir Tarasenko.
16:54 of 1st period - Shot Misses the Net.
16:56 of 1st period - Shot by Brock Nelson.
16:56 of 1st period - Shot Blocked by John Persson.
16:58 of 1st period - Shot by Vladimir Tarasenko.
16:58 of 1st period - Shot Misses the Net.
17:00 of 1st period - Shot by Vladimir Tarasenko.
17:00 of 1st period - Stopped by Niklas Backstrom without a rebound.
17:01 of 1st period - Riley Sheahan wins face-off versus Antoine Vermette in Avalanche zone.
17:29 of 1st period - Minor Penalty to Nick Holden for Interference.
17:30 of 1st period - Derek Stepan wins face-off versus Milan Lucic in MapleLeafs zone.
18:02 of 1st period - Derek Stepan is hit by Alexei Emelin.
18:12 of 1st period - Shot by Keith Yandle.
18:12 of 1st period - Shot Blocked by Alexei Emelin.
19:32 of 1st period - Sami Vatanen is hit by Vladimir Tarasenko and loses puck.
19:45 of 1st period - Shot by Matt Calvert.
19:45 of 1st period - Shot Blocked by Nikita Nikitin.
19:47 of 1st period - Shot by Quinton Howden.
19:47 of 1st period - Stopped by Ryan Miller without a rebound.
19:48 of 1st period - Marcel Goc wins face-off versus Antoine Roussel in MapleLeafs zone.
19:51 of 1st period - Shot by Tyson Barrie.
19:51 of 1st period - Deflect By Marcel Goc.
19:51 of 1st period - Stopped by Ryan Miller with a rebound.
Goals for this period are 0 for MapleLeafs vs 3 for Avalanche.
Shots for this period are 6 for MapleLeafs vs 13 for Avalanche.

2nd period


0:01 of 2nd period - Antoine Vermette wins face-off versus Derek Stepan in neutral zone.
0:06 of 2nd period - Shot by Evander Kane.
0:06 of 2nd period - Shot Misses the Net.
0:08 of 2nd period - Shot by Jay Bouwmeester.
0:08 of 2nd period - Stopped by Niklas Backstrom without a rebound.
0:09 of 2nd period - Antoine Vermette wins face-off versus Derek Stepan in Avalanche zone.
0:35 of 2nd period - Cody Hodgson is hit by Nick Holden and loses puck.
0:45 of 2nd period - Cody Hodgson is hit by Nick Holden.
0:47 of 2nd period - Shot by Marcus Johansson.
0:47 of 2nd period - Shot Misses the Net.
0:51 of 2nd period - Shot by Derek Stepan.
0:51 of 2nd period - Shot Misses the Net.
1:04 of 2nd period - Keith Yandle is hit by Nick Holden and loses puck.
1:34 of 2nd period - Minor Penalty to Nick Holden for Tripping.
1:35 of 2nd period - Derek Stepan wins face-off versus Daniel Briere in MapleLeafs zone.
1:38 of 2nd period - Shot by Marcus Johansson.
1:38 of 2nd period - Stopped by Ryan Miller without a rebound.
1:39 of 2nd period - Riley Sheahan wins face-off versus Daniel Briere in MapleLeafs zone.
1:40 of 2nd period - Shot by Tyson Barrie.
1:40 of 2nd period - Goal by Tyson Barrie - MapleLeafs : 0 - Avalanche : 4.
1:40 of 2nd period - Petr Mrazek enters game.
1:41 of 2nd period - Brock Nelson wins face-off versus Boone Jenner in neutral zone.
1:57 of 2nd period - Minor Penalty to Matt Calvert for Hooking.
1:58 of 2nd period - Michael Grabner wins face-off versus Marcel Goc in Avalanche zone.
2:04 of 2nd period - Shot by Nikita Nikitin.
2:04 of 2nd period - Stopped by Niklas Backstrom without a rebound.
2:05 of 2nd period - Brock Nelson wins face-off versus Marcel Goc in Avalanche zone.
2:12 of 2nd period - Shot by Nikita Nikitin.
2:12 of 2nd period - Stopped by Niklas Backstrom without a rebound.
2:13 of 2nd period - Antoine Vermette wins face-off versus Marcel Goc in Avalanche zone.
2:14 of 2nd period - Shot by Nick Holden.
2:14 of 2nd period - Shot Hit the Post.
2:16 of 2nd period - Shot by Antoine Vermette.
2:16 of 2nd period - Stopped by Niklas Backstrom without a rebound.
2:17 of 2nd period - Marcel Goc wins face-off versus Antoine Vermette in Avalanche zone.
2:17 of 2nd period - Marcel Goc is hit by Evander Kane.
2:44 of 2nd period - Shot by Evander Kane.
2:44 of 2nd period - Shot Blocked by Kevin Shattenkirk.
2:46 of 2nd period - Shot by Nick Holden.
2:46 of 2nd period - Stopped by Niklas Backstrom with a rebound.
2:48 of 2nd period - Shot by Nick Holden.
2:48 of 2nd period - Stopped by Niklas Backstrom without a rebound.
2:49 of 2nd period - Marcel Goc wins face-off versus Brock Nelson in Avalanche zone.
3:06 of 2nd period - Shot by Brock Nelson.
3:06 of 2nd period - Stopped by Niklas Backstrom with a rebound.
3:14 of 2nd period - Shot by Vladimir Tarasenko.
3:14 of 2nd period - Stopped by Niklas Backstrom with a rebound.
3:16 of 2nd period - Shot by Vladimir Tarasenko.
3:16 of 2nd period - Stopped by Niklas Backstrom without a rebound.
3:17 of 2nd period - Marcel Goc wins face-off versus Antoine Vermette in Avalanche zone.
4:01 of 2nd period - Shot by Milan Lucic.
4:01 of 2nd period - Shot Misses the Net.
4:03 of 2nd period - Shot by Daniel Briere.
4:03 of 2nd period - Shot Misses the Net.
4:05 of 2nd period - Shot by Antoine Roussel.
4:05 of 2nd period - Shot Misses the Net.
4:07 of 2nd period - Shot by Antoine Roussel.
4:07 of 2nd period - Shot Misses the Net.
4:09 of 2nd period - Shot by Antoine Roussel.
4:09 of 2nd period - Deflect By Daniel Briere.
4:09 of 2nd period - Shot Blocked by Keith Yandle.
4:11 of 2nd period - Shot by Antoine Roussel.
4:11 of 2nd period - Deflect By Devante Smith-Pelly.
4:11 of 2nd period - Shot Misses the Net.
4:21 of 2nd period - Shot by Daniel Briere.
4:21 of 2nd period - Stopped by Niklas Backstrom without a rebound.
4:22 of 2nd period - Brock Nelson wins face-off versus Boone Jenner in Avalanche zone.
4:22 of 2nd period - Brock Nelson is hit by Kevin Shattenkirk.
4:25 of 2nd period - Vladimir Tarasenko is hit by Sami Vatanen and loses puck.
4:56 of 2nd period - Shot by Sami Vatanen.
4:56 of 2nd period - Shot Misses the Net.
4:58 of 2nd period - Shot by Kevin Shattenkirk.
4:58 of 2nd period - Goal by Kevin Shattenkirk - MapleLeafs : 0 - Avalanche : 5.
4:59 of 2nd period - Antoine Vermette wins face-off versus Derek Stepan in neutral zone.
5:05 of 2nd period - Icing by Victor Bartley.
5:06 of 2nd period - Antoine Vermette wins face-off versus Derek Stepan in Avalanche zone.
5:11 of 2nd period - Shot by Milan Lucic.
5:11 of 2nd period - Shot Misses the Net.
5:20 of 2nd period - Minor Penalty to Nick Holden for Tripping.
5:21 of 2nd period - Milan Lucic wins face-off versus Cody Hodgson in MapleLeafs zone.
5:42 of 2nd period - Shot by Tyson Barrie.
5:42 of 2nd period - Shot Blocked by Jay Bouwmeester.
5:46 of 2nd period - Shot by Tyson Barrie.
5:46 of 2nd period - Stopped by Petr Mrazek without a rebound.
5:47 of 2nd period - Derek Stepan wins face-off versus Milan Lucic in MapleLeafs zone.
5:52 of 2nd period - Shot by Derek Stepan.
5:52 of 2nd period - Stopped by Petr Mrazek without a rebound.
5:53 of 2nd period - Derek Stepan wins face-off versus Milan Lucic in MapleLeafs zone.
6:03 of 2nd period - Shot by Kevin Shattenkirk.
6:03 of 2nd period - Stopped by Petr Mrazek without a rebound.
6:04 of 2nd period - Milan Lucic wins face-off versus Riley Sheahan in MapleLeafs zone.
6:17 of 2nd period - Shot by Keith Yandle.
6:17 of 2nd period - Deflect By Cody Hodgson.
6:17 of 2nd period - Shot Misses the Net.
6:19 of 2nd period - Shot by Keith Yandle.
6:19 of 2nd period - Stopped by Petr Mrazek with a rebound.
6:21 of 2nd period - Shot by Tyson Barrie.
6:21 of 2nd period - Stopped by Petr Mrazek without a rebound.
6:22 of 2nd period - Derek Stepan wins face-off versus Evander Kane in MapleLeafs zone.
7:03 of 2nd period - Shot by Sami Vatanen.
7:03 of 2nd period - Shot Misses the Net.
7:05 of 2nd period - Shot by Sami Vatanen.
7:05 of 2nd period - Goal by Sami Vatanen - MapleLeafs : 0 - Avalanche : 6.
7:06 of 2nd period - Boone Jenner wins face-off versus Brock Nelson in neutral zone.
7:29 of 2nd period - Jay Bouwmeester is hit by Boone Jenner and loses puck.
7:40 of 2nd period - Jay Bouwmeester is hit by Matt Calvert and loses puck.
7:41 of 2nd period - Minor Penalty to Boone Jenner for Roughing.
7:42 of 2nd period - Antoine Vermette wins face-off versus Marcel Goc in Avalanche zone.
7:47 of 2nd period - Shot by Nikita Nikitin.
7:47 of 2nd period - Shot Misses the Net.
7:49 of 2nd period - Shot by Alexei Emelin.
7:49 of 2nd period - Shot Misses the Net.
7:53 of 2nd period - Shot by Antoine Vermette.
7:53 of 2nd period - Stopped by Niklas Backstrom without a rebound.
7:54 of 2nd period - Antoine Vermette wins face-off versus Marcel Goc in Avalanche zone.
8:15 of 2nd period - Shot by Antoine Vermette.
8:15 of 2nd period - Shot Misses the Net.
8:17 of 2nd period - Shot by Antoine Vermette.
8:17 of 2nd period - Deflect By Evander Kane.
8:17 of 2nd period - Shot Misses the Net.
8:19 of 2nd period - Shot by Antoine Vermette.
8:19 of 2nd period - Shot Misses the Net.
8:21 of 2nd period - Shot by Milan Lucic.
8:21 of 2nd period - Stopped by Niklas Backstrom with a rebound.
8:23 of 2nd period - Shot by Evander Kane.
8:23 of 2nd period - Deflect By Milan Lucic.
8:23 of 2nd period - Stopped by Niklas Backstrom without a rebound.
8:24 of 2nd period - Brock Nelson wins face-off versus Derek Stepan in Avalanche zone.
8:29 of 2nd period - Shot by Jay Bouwmeester.
8:29 of 2nd period - Stopped by Niklas Backstrom with a rebound.
9:05 of 2nd period - Shot by Nick Holden.
9:05 of 2nd period - Shot Blocked by Tyson Barrie.
9:07 of 2nd period - Shot by Nick Holden.
9:07 of 2nd period - Deflect By Vladimir Tarasenko.
9:07 of 2nd period - Goal by Vladimir Tarasenko - MapleLeafs : 1 - Avalanche : 6.
9:08 of 2nd period - Antoine Vermette wins face-off versus Riley Sheahan in neutral zone.
9:15 of 2nd period - Shot by Evander Kane.
9:15 of 2nd period - Stopped by Niklas Backstrom without a rebound.
9:16 of 2nd period - Antoine Vermette wins face-off versus Riley Sheahan in Avalanche zone.
9:20 of 2nd period - Icing by Victor Bartley.
9:21 of 2nd period - Antoine Vermette wins face-off versus Riley Sheahan in Avalanche zone.
9:52 of 2nd period - Icing by Nikita Nikitin.
9:53 of 2nd period - Antoine Vermette wins face-off versus Derek Stepan in MapleLeafs zone.
10:02 of 2nd period - Shot by Milan Lucic.
10:02 of 2nd period - Shot Blocked by Kevin Shattenkirk.
10:04 of 2nd period - Shot by Nikita Nikitin.
10:04 of 2nd period - Stopped by Niklas Backstrom without a rebound.
10:05 of 2nd period - Derek Stepan wins face-off versus Daniel Briere in Avalanche zone.
10:22 of 2nd period - Shot by Tyson Barrie.
10:22 of 2nd period - Shot Misses the Net.
11:07 of 2nd period - Icing by Kevin Shattenkirk.
11:08 of 2nd period - Antoine Vermette wins face-off versus Riley Sheahan in Avalanche zone.
11:08 of 2nd period - Antoine Vermette is hit by Sami Vatanen.
11:36 of 2nd period - Shot by Ryane Clowe.
11:36 of 2nd period - Shot Blocked by Alexei Emelin.
11:38 of 2nd period - Shot by Riley Sheahan.
11:38 of 2nd period - Shot Blocked by Nikita Nikitin.
11:40 of 2nd period - Shot by Kevin Shattenkirk.
11:40 of 2nd period - Stopped by Petr Mrazek with a rebound.
12:07 of 2nd period - Colby Robak is hit by Evander Kane and loses puck.
13:04 of 2nd period - Icing by Michael Del Zotto.
13:05 of 2nd period - Marcel Goc wins face-off versus Brock Nelson in MapleLeafs zone.
13:05 of 2nd period - Marcel Goc is hit by Michael Del Zotto.
13:13 of 2nd period - Shot by Tyson Barrie.
13:13 of 2nd period - Shot Blocked by Michael Del Zotto.
13:27 of 2nd period - Minor Penalty to Vladimir Tarasenko for Hooking.
13:28 of 2nd period - Milan Lucic wins face-off versus Riley Sheahan in MapleLeafs zone.
14:16 of 2nd period - Evander Kane is hit by Ryane Clowe and loses puck.
14:54 of 2nd period - Shot by Tyson Barrie.
14:54 of 2nd period - Shot Blocked by Alexei Emelin.
14:56 of 2nd period - Shot by Keith Yandle.
14:56 of 2nd period - Shot Misses the Net.
14:58 of 2nd period - Shot by Keith Yandle.
14:58 of 2nd period - Shot Blocked by Antoine Roussel.
15:38 of 2nd period - Shot by Victor Bartley.
15:38 of 2nd period - Stopped by Petr Mrazek without a rebound.
15:39 of 2nd period - Marcel Goc wins face-off versus Brock Nelson in MapleLeafs zone.
17:01 of 2nd period - Icing by Tyson Barrie.
17:02 of 2nd period - Boone Jenner wins face-off versus Antoine Roussel in Avalanche zone.
18:02 of 2nd period - Tyson Barrie is hit by Milan Lucic and loses puck.
18:06 of 2nd period - Keith Yandle is hit by Milan Lucic and loses puck.
19:08 of 2nd period - Alexei Emelin is hit by Ryane Clowe and loses puck.
19:13 of 2nd period - Shot by Ryane Clowe.
19:13 of 2nd period - Stopped by Petr Mrazek with a rebound.
19:22 of 2nd period - Shot by Ryane Clowe.
19:22 of 2nd period - Shot Blocked by Evander Kane.
19:24 of 2nd period - Shot by Victor Bartley.
19:24 of 2nd period - Shot Blocked by Nikita Nikitin.
19:26 of 2nd period - Shot by Vincent Lecavalier.
19:26 of 2nd period - Stopped by Petr Mrazek with a rebound.
19:28 of 2nd period - Shot by Colby Robak.
19:28 of 2nd period - Stopped by Petr Mrazek without a rebound.
19:29 of 2nd period - Marcel Goc wins face-off versus Brock Nelson in MapleLeafs zone.
19:36 of 2nd period - Shot by Colby Robak.
19:36 of 2nd period - Stopped by Petr Mrazek without a rebound.
19:37 of 2nd period - Brock Nelson wins face-off versus Marcel Goc in MapleLeafs zone.
Goals for this period are 1 for MapleLeafs vs 3 for Avalanche.
Shots for this period are 17 for MapleLeafs vs 15 for Avalanche.

3rd period


0:01 of 3rd period - Antoine Vermette wins face-off versus Derek Stepan in neutral zone.
0:19 of 3rd period - Shot by Antoine Vermette.
0:19 of 3rd period - Stopped by Niklas Backstrom without a rebound.
0:20 of 3rd period - Riley Sheahan wins face-off versus Antoine Roussel in Avalanche zone.
0:24 of 3rd period - Off-side.
0:25 of 3rd period - Derek Stepan wins face-off versus Evander Kane in neutral zone.
1:32 of 3rd period - Shot by Riley Sheahan.
1:32 of 3rd period - Stopped by Petr Mrazek with a rebound.
1:34 of 3rd period - Shot by Ryane Clowe.
1:34 of 3rd period - Shot Blocked by Nikita Nikitin.
1:40 of 3rd period - Shot by Vincent Lecavalier.
1:40 of 3rd period - Shot Misses the Net.
1:42 of 3rd period - Shot by Keith Yandle.
1:42 of 3rd period - Shot Misses the Net.
1:44 of 3rd period - Shot by Ryane Clowe.
1:44 of 3rd period - Shot Misses the Net.
1:46 of 3rd period - Shot by Keith Yandle.
1:46 of 3rd period - Shot Misses the Net.
1:48 of 3rd period - Shot by Vincent Lecavalier.
1:48 of 3rd period - Shot Hit the Post.
2:25 of 3rd period - Shot by Matt Calvert.
2:25 of 3rd period - Goal by Matt Calvert - MapleLeafs : 1 - Avalanche : 7.
2:26 of 3rd period - Antoine Roussel wins face-off versus Marcel Goc in neutral zone.
2:52 of 3rd period - Shot by Sami Vatanen.
2:52 of 3rd period - Shot Blocked by Antoine Roussel.
3:19 of 3rd period - Eric Gelinas is hit by Victor Bartley and loses puck.
3:40 of 3rd period - Shot by Milan Lucic.
3:40 of 3rd period - Shot Misses the Net.
3:44 of 3rd period - Shot by Evander Kane.
3:44 of 3rd period - Deflect By Milan Lucic.
3:44 of 3rd period - Stopped by Niklas Backstrom without a rebound.
3:45 of 3rd period - Riley Sheahan wins face-off versus Vladimir Tarasenko in Avalanche zone.
4:02 of 3rd period - Michael Grabner is hit by Ryane Clowe and loses puck.
4:18 of 3rd period - Michael Grabner is hit by Tyson Barrie.
4:26 of 3rd period - Shot by Keith Yandle.
4:26 of 3rd period - Shot Misses the Net.
4:42 of 3rd period - Milan Lucic is hit by Ryane Clowe and loses puck.
4:54 of 3rd period - Shot by Milan Lucic.
4:54 of 3rd period - Stopped by Niklas Backstrom with a rebound.
5:05 of 3rd period - Icing by Tyson Barrie.
5:06 of 3rd period - Riley Sheahan wins face-off versus Daniel Briere in Avalanche zone.
5:36 of 3rd period - Shot by Michael Del Zotto.
5:36 of 3rd period - Stopped by Niklas Backstrom without a rebound.
5:37 of 3rd period - Derek Stepan wins face-off versus Jay Beagle in Avalanche zone.
6:44 of 3rd period - Shot by Michael Grabner.
6:44 of 3rd period - Stopped by Niklas Backstrom without a rebound.
6:45 of 3rd period - Boone Jenner wins face-off versus Antoine Roussel in Avalanche zone.
8:02 of 3rd period - Evander Kane is hit by Tyson Barrie and loses puck.
8:09 of 3rd period - Shot by Milan Lucic.
8:09 of 3rd period - Stopped by Niklas Backstrom without a rebound.
8:10 of 3rd period - Brock Nelson wins face-off versus Riley Sheahan in Avalanche zone.
8:27 of 3rd period - Shot by Riley Sheahan.
8:27 of 3rd period - Shot Misses the Net.
9:01 of 3rd period - Shot by Cody Hodgson.
9:01 of 3rd period - Shot Blocked by Alexei Emelin.
9:03 of 3rd period - Shot by Colby Robak.
9:03 of 3rd period - Shot Misses the Net.
9:05 of 3rd period - Shot by Victor Bartley.
9:05 of 3rd period - Stopped by Petr Mrazek without a rebound.
9:06 of 3rd period - Boone Jenner wins face-off versus Antoine Vermette in MapleLeafs zone.
9:06 of 3rd period - Boone Jenner is hit by Nick Holden.
9:14 of 3rd period - Shot by Victor Bartley.
9:14 of 3rd period - Stopped by Petr Mrazek with a rebound.
9:16 of 3rd period - Shot by Colby Robak.
9:16 of 3rd period - Shot Blocked by Jay Bouwmeester.
9:18 of 3rd period - Shot by Matt Calvert.
9:18 of 3rd period - Stopped by Petr Mrazek without a rebound.
9:19 of 3rd period - Marcus Johansson wins face-off versus Jay Beagle in MapleLeafs zone.
9:24 of 3rd period - Shot by Derek Stepan.
9:24 of 3rd period - Shot Misses the Net.
9:26 of 3rd period - Shot by Tyson Barrie.
9:26 of 3rd period - Stopped by Petr Mrazek without a rebound.
9:27 of 3rd period - Derek Stepan wins face-off versus Antoine Vermette in MapleLeafs zone.
9:37 of 3rd period - Nick Holden is hit by Sami Vatanen and loses puck.
10:38 of 3rd period - Brock Nelson is hit by Ryane Clowe and loses puck.
10:46 of 3rd period - Brock Nelson is hit by Keith Yandle and loses puck.
10:59 of 3rd period - Shot by Michael Grabner.
10:59 of 3rd period - Stopped by Niklas Backstrom without a rebound.
11:00 of 3rd period - Boone Jenner wins face-off versus Antoine Roussel in Avalanche zone.
11:00 of 3rd period - Boone Jenner is hit by Antoine Roussel.
11:14 of 3rd period - Eric Gelinas is hit by Boone Jenner and loses puck.
11:25 of 3rd period - Shot by Victor Bartley.
11:25 of 3rd period - Stopped by Petr Mrazek with a rebound.
11:31 of 3rd period - Shot by Matt Calvert.
11:31 of 3rd period - Stopped by Petr Mrazek without a rebound.
11:32 of 3rd period - Riley Sheahan wins face-off versus Antoine Vermette in MapleLeafs zone.
12:28 of 3rd period - Shot by Alexei Emelin.
12:28 of 3rd period - Stopped by Niklas Backstrom without a rebound.
12:29 of 3rd period - Vladimir Tarasenko wins face-off versus Derek Stepan in Avalanche zone.
13:03 of 3rd period - Shot by Vladimir Tarasenko.
13:03 of 3rd period - Shot Blocked by Sami Vatanen.
13:05 of 3rd period - Shot by Brock Nelson.
13:05 of 3rd period - Stopped by Niklas Backstrom without a rebound.
13:06 of 3rd period - Boone Jenner wins face-off versus Antoine Roussel in Avalanche zone.
13:42 of 3rd period - Shot by Daniel Briere.
13:42 of 3rd period - Stopped by Niklas Backstrom without a rebound.
13:43 of 3rd period - Antoine Vermette wins face-off versus Marcus Johansson in Avalanche zone.
13:48 of 3rd period - Shot by Evander Kane.
13:48 of 3rd period - Goal by Evander Kane - MapleLeafs : 2 - Avalanche : 7.
13:49 of 3rd period - Antoine Vermette wins face-off versus Derek Stepan in neutral zone.
14:12 of 3rd period - Antoine Vermette is hit by Derek Stepan and loses puck.
14:19 of 3rd period - Shot by Derek Stepan.
14:19 of 3rd period - Deflect By Cody Hodgson.
14:19 of 3rd period - Shot Misses the Net.
14:36 of 3rd period - Icing by Derek Stepan.
14:37 of 3rd period - Derek Stepan wins face-off versus Brock Nelson in Avalanche zone.
15:07 of 3rd period - Icing by Nikita Nikitin.
15:08 of 3rd period - Boone Jenner wins face-off versus Brock Nelson in MapleLeafs zone.
15:26 of 3rd period - Brock Nelson is hit by Victor Bartley and loses puck.
16:27 of 3rd period - Shot by Milan Lucic.
16:27 of 3rd period - Stopped by Niklas Backstrom without a rebound.
16:28 of 3rd period - Devante Smith-Pelly wins face-off versus Derek Stepan in Avalanche zone.
16:45 of 3rd period - Shot by Devante Smith-Pelly.
16:45 of 3rd period - Shot Misses the Net.
16:47 of 3rd period - Shot by Eric Gelinas.
16:47 of 3rd period - Stopped by Niklas Backstrom with a rebound.
16:49 of 3rd period - Shot by Daniel Briere.
16:49 of 3rd period - Shot Misses the Net.
16:51 of 3rd period - Shot by Antoine Roussel.
16:51 of 3rd period - Deflect By Devante Smith-Pelly.
16:51 of 3rd period - Shot Misses the Net.
18:16 of 3rd period - Shot by Riley Sheahan.
18:16 of 3rd period - Shot Misses the Net.
18:24 of 3rd period - Shot by Vincent Lecavalier.
18:24 of 3rd period - Stopped by Petr Mrazek with a rebound.
18:50 of 3rd period - Off-side.
18:51 of 3rd period - Boone Jenner wins face-off versus Antoine Roussel in neutral zone.
18:58 of 3rd period - Shot by Quinton Howden.
18:58 of 3rd period - Stopped by Petr Mrazek with a rebound.
19:14 of 3rd period - Shot by Boone Jenner.
19:14 of 3rd period - Stopped by Petr Mrazek without a rebound.
19:15 of 3rd period - Marcel Goc wins face-off versus Brock Nelson in MapleLeafs zone.
19:22 of 3rd period - Shot by John Persson.
19:22 of 3rd period - Shot Misses the Net.
19:41 of 3rd period - Alexei Emelin is hit by Marcel Goc and loses puck.
19:56 of 3rd period - Shot by Vladimir Tarasenko.
19:56 of 3rd period - Shot Misses the Net.
19:58 of 3rd period - Shot by Michael Grabner.
19:58 of 3rd period - Stopped by Niklas Backstrom without a rebound.
19:59 of 3rd period - Antoine Roussel wins face-off versus Derek Stepan in Avalanche zone.
Goals for this period are 1 for MapleLeafs vs 1 for Avalanche.
Shots for this period are 14 for MapleLeafs vs 11 for Avalanche.


Output by the SimonT Hockey Simulator (STHS) for Stephane Roy -- Original Page W3C XHTML 1.0 Valid
Hockey Simulator - Hockey Simulation - Hockey Manager